 Dungeon Crawl Stone Soup version 0.26-a0-259-g1effd001a9 (webtiles) character file.

Game seed: 11527815643478131658

12769 night the Gelid (level 11, 0/79 HPs)
             Began as a White Draconian Ice Elementalist on July 23, 2020.
             Was a Priest of Vehumet.
             Slain by a cane toad (13 damage)
             ... on level 2 of the Lair of Beasts on July 24, 2020.
             The game lasted 00:37:29 (17222 turns).

night the Gelid (White Draconian Ice Elementalist) Turns: 17222, Time: 00:37:30

Health: 0/79       AC: 10    Str: 10    XL:     11   Next: 66%
Magic:  39/42      EV: 12    Int: 25    God:    Vehumet [***...]
Gold:   406        SH:  0    Dex:  7    Spells: 10/28 levels left

rFire    . . .     SeeInvis .   L - +2 quarterstaff "Mozelumirid" {freeze, rN++ Int+6 Dex-5}
rCold    + . .     Faith    .   (shield currently unavailable)
rNeg     + + .     Spirit   .   (armour unavailable)
rPois    .         Reflect  .   (helmet restricted)
rElec    .         Harm     .   t - +2 cloak
rCorr    .                      (no gloves)
MR       .....                  (no boots)
Stlth    +.........             (no amulet)
HPRegen  0.23/turn              D - ring of magical power
MPRegen  0.28/turn              v - ring of magical power

@: lethally poisoned (0 -> -24), frozen ramparts
A: breathe frost, unfitting armour, cold resistance 1, cold-blooded, AC +7
a: Breathe Frost, Renounce Religion


You were on level 2 of the Lair of Beasts.
You worshipped Vehumet.
Vehumet was most pleased with you.
You were not hungry.

You visited 4 branches of the dungeon, and saw 15 of its levels.
You also visited: Sewer.

You collected 676 gold pieces.
You spent 270 gold pieces at shops.

Inventory:

Hand Weapons
 c - a +0 dagger of draining
 f - a +0 mace
 l - a +1 dagger of venom
 x - a +1 hunting sling of freezing
 A - a +4 flail
 L - the +2 quarterstaff "Mozelumirid" (weapon) {freeze, rN++ Int+6 Dex-5}
   (You bought it in a shop on level 10 of the Dungeon)

   It has been specially enchanted to freeze those struck by it, causing extra
   injury to most foes and up to half again as much damage against particularly
   susceptible opponents.
   It can also slow down cold-blooded creatures.
   It affects your intelligence (+6).
   It affects your dexterity (-5).
   It greatly protects you from negative energy.
Missiles
 h - 48 poisoned darts (quivered)
 i - 278 stones
 j - 73 bolts
 k - 13 boomerangs
 n - 72 sling bullets
 w - 161 arrows
 F - 3 atropa-tipped darts
Armour
 t - a +2 cloak (worn)
Magical Staves
 z - an uncursed staff of energy
Jewellery
 s - an uncursed ring of resist corrosion
 v - a ring of magical power (right hand)
 D - a ring of magical power (left hand)
 J - an uncursed ring of protection from cold {unknown}
Wands
 o - a wand of random effects (9)
 K - a wand of digging (4)
 N - a wand of acid (11)
 O - a wand of flame (11)
 P - a wand of paralysis (12)
Scrolls
 d - 3 scrolls of remove curse
 p - 3 scrolls of teleportation
 B - 2 scrolls of magic mapping
 C - 2 scrolls of amnesia
 M - a scroll of fog
Potions
 a - 5 potions of curing
 e - a potion of lignification {unknown}
 g - 6 potions of flight
 m - 2 potions of cancellation
 q - 2 potions of brilliance
 r - a potion of magic
 u - 3 potions of haste
 E - 2 potions of heal wounds {unknown}
 G - a potion of berserk rage {unknown}
 H - a potion of might {unknown}
 I - 2 potions of stabbing
 Q - a potion of mutation {unknown}
Miscellaneous
 y - a lightning rod (1/4)
 R - a phial of floods
Comestibles
 b - 33 rations


   Skills:
 - Level 2.1 Fighting
 - Level 2.3 Short Blades
 + Level 7.5 Maces & Flails
 - Level 0.7 Slings
 - Level 1.7 Dodging
 - Level 1.7 Stealth
 - Level 0.1 Unarmed Combat
 + Level 9.3 Spellcasting
 - Level 0.4 Charms
 - Level 1.8 Summonings
 * Level 15.7 Ice Magic


You had 10 spell levels left.
You knew the following spells:

 Your Spells              Type           Power        Failure   Level
a - Freeze                Ice            ####         0%          1
b - Frozen Ramparts       Ice            ######       1%          3
c - Ozocubu's Armour      Chrm/Ice       ######..     1%          3
d - Summon Ice Beast      Ice/Summ       ######..     1%          4
e - Mephitic Cloud        Conj/Pois/Air  ##......     4%          3
f - Hailstorm             Conj/Ice       ######..     1%          4

Your spell library contained the following spells:

 Spells                   Type           Power        Failure   Level
 Summon Small Mammal      Summ           ###.         2%          1
 Call Imp                 Summ           ###.....     3%          2
 Inner Flame              Hex/Fire       ##......     4%          3
 Corona                   Hex            ##.....      5%          1
 Slow                     Hex            ##......     8%          2
 Call Canine Familiar     Summ           ###.....     8%          3
 Summon Guardian Golem    Hex/Summ       ###.....     11%         3
 Portal Projectile        Hex/Tloc       ##....       16%         3
 Summon Lightning Spire   Summ/Air       ###.....     34%         4
 Cause Fear               Hex            ##........   45%         4
 Leda's Liquefaction      Hex/Erth       ##........   45%         4


Dungeon Overview and Level Annotations

Branches:
Dungeon (11/15)            Temple (1/1) D:6            Lair (2/6) D:11
    Orc (1/2) D:9           Sewer (visited)
  Swamp: Lair:2-4    Shoals: Lair:2-4     Snake: Lair:2-4    Spider: Lair:2-4

Altars:
Ashenzari
Cheibriados
Dithmenos
Elyvilon
Fedhas
Gozag
Hepliaklqana
Kikubaaqudgha
Makhleb
Nemelex Xobeh
Okawaru
Qazlal
Ru
Sif Muna
Trog
Uskayaw
Vehumet
Wu Jian
Xom
Yredelemnul
Zin
The Shining One
Beogh

Shops:
D:10 (

Annotations:
D:7 3 runed translucent doors, melvinkitnick's ghost, amateur TeAE
Orc:1 Erica


Innate Abilities, Weirdness & Mutations

You can breathe waves of freezing cold.
You can buffet flying creatures when you breathe cold.
Your icy white scales are hard. (AC +7)
You cannot fit into any form of body armour.
Your flesh is cold resistant. (rC+)
You are cold-blooded and may be slowed by cold attacks.


Message History

You freeze the cane toad.
The cane toad is severely wounded.
The cane toad stings you!
You are poisoned.
The cane toad poisons you!
You hit the cane toad.
The cane toad seems to slow down.
You freeze the cane toad.
The cane toad is severely wounded.
You feel sick. The cane toad stings you!!
* * * LOW HITPOINT WARNING * * *
You are lethally poisoned!
The cane toad poisons you!
Casting: Frozen Ramparts (safe; 1% risk of failure)
Confirm with . or Enter, or press ? or * to list all spells.
The walls around you are covered in ice.
* * * LOW HITPOINT WARNING * * *
You feel very sick.
The wall freezes the cane toad.
The cane toad seems to slow down.
The cane toad stings you!
You die...

!..
###...# .#
.....###.#
#.....#..#
P..#...
....#
##..#
#F..#
#@.<#
#....#
##.....#
##....#
##.....
......
P#.....
###....


You could see a cane toad (slow).

Vanquished Creatures
  A hydra (Lair:1)
  An unseen horror (D:9)
  A salamander (shapeshifter) (D:9)
  Maggie (D:8)
  A cane toad (Lair:1)
  A black mamba (Lair:1)
  A komodo dragon (D:11)
  A hornet (D:11)
  Prince Ribbit (D:7)
  A nameless horror (D:4)
  3 hippogriffs
  23 yaks
  4 water moccasins
  3 porcupines (Lair:1)
  2 black bears
  2 orc warriors
  2 ice beasts
  A sky beast (D:6)
  A necrophage (D:5)
  An ogre (D:11)
  4 centaurs
  6 bullfrogs
  2 scorpions
  5 killer bees (D:10)
  10 wights
  8 howler monkeys
  A bullfrog zombie (D:9)
  5 orc priests
  Crazy Yiuf (D:3)
  2 centaur skeletons
  3 hounds
  5 jellies
  3 orc wizards
  A gnoll shaman (D:4)
  3 iguanas
  Terence (D:3)
  7 worker ants
  2 hound zombies
  3 hound skeletons
  Robin (D:3)
  5 gnolls
  12 adders
  A white imp (D:10)
  An ufetubus (D:4)
  13 oozes
  3 adder zombies
  2 adder skeletons (D:4)
  3 worms
  4 dart slugs
  21 leopard geckos
  16 orcs
  17 giant cockroaches
  11 goblins
  9 hobgoblins
  4 quokkas
  13 ball pythons
  7 bats
  17 frilled lizards
  11 kobolds
  A leopard gecko zombie (D:5)
  2 quokka zombies (D:5)
  4 rats
  A plant (D:11)
303 creatures vanquished.

Vanquished Creatures (collateral kills)
  A hydra (D:10)
  The ghost of SatoMori the Cleaver, a novice MiBe of Trog (D:5)
  A troll (D:9)
  A wraith (D:10)
  An ogre (D:8)
  13 wights
  An orc wizard (D:11)
  A nameless horror (D:10)
  A shadow imp (D:10)
21 creatures vanquished.

Vanquished Creatures (others)
  2 fungi (D:8)
  A plant (D:8)
3 creatures vanquished.

Grand Total: 327 creatures vanquished

Notes
Turn   | Place    | Note
-------+----------+-------------------------------------------
     0 | D:1      | night the Draconian Ice Elementalist began the quest for
                  | the Orb.
     0 | D:1      | Reached XP level 1. HP: 14/14 MP: 3/3
   180 | D:1      | Reached XP level 2. HP: 16/20 MP: 0/5
   632 | D:2      | Reached XP level 3. HP: 24/26 MP: 3/6
   663 | D:2      | Learned a level 3 spell: Frozen Ramparts
  1391 | D:1      | Reached skill level 5 in Ice Magic
  1551 | D:2      | Found a basalt altar of Yredelemnul.
  1804 | D:2      | Reached XP level 4. HP: 33/33 MP: 4/8
  1841 | D:2      | Found a shattered altar of Ashenzari.
  2691 | D:3      | Noticed Robin
  2702 | D:3      | Noticed Terence
  2710 | D:3      | Killed Robin
  2719 | D:3      | Killed Terence
  2719 | D:3      | Reached XP level 5. HP: 32/38 MP: 1/9
  2983 | D:3      | Found a glowing drain.
  2996 | Sewer    | Entered a sewer
  3096 | Sewer    | Reached skill level 6 in Ice Magic
  3303 | Sewer    | Reached skill level 1 in Short Blades
  3567 | Sewer    | Reached XP level 6. HP: 45/46 MP: 4/11
  3797 | D:3      | Found an ancient bone altar of Kikubaaqudgha.
  4218 | D:3      | Found a faded altar of an unknown god.
  4291 | D:3      | Found a shadowy altar of Dithmenos.
  4291 | D:3      | Noticed a shadow
  4292 | D:3      | Found a hazy altar of Hepliaklqana.
  4552 | D:3      | Found a runed translucent door.
  4553 | D:3      | Noticed Crazy Yiuf
  4571 | D:3      | Killed Crazy Yiuf
  4729 | D:4      | Reached skill level 1 in Fighting
  4811 | D:4      | Learned a level 3 spell: Ozocubu's Armour
  4816 | D:4      | Learned a level 4 spell: Summon Ice Beast
  5014 | D:4      | Noticed a nameless horror
  5379 | D:4      | Reached skill level 7 in Ice Magic
  5448 | D:4      | Your scales start taking on an icy white colour.
  5448 | D:4      | Reached skill level 8 in Ice Magic
  5448 | D:4      | Reached XP level 7. HP: 52/52 MP: 9/13
  5448 | D:4      | Gained mutation: Your flesh is cold resistant. (rC+) [White
                  | Draconian growth]
  5846 | D:4      | Found a sacrificial altar of Ru.
  5856 | D:4      | Killed a nameless horror
  5961 | D:5      | Entered Level 5 of the Dungeon
  6104 | D:5      | Found a runed translucent door.
  6104 | D:5      | Noticed SatoMori's ghost (novice MiBe)
  6140 | D:5      | Killed SatoMori's ghost
  6140 | D:5      | Reached skill level 2 in Short Blades
  6140 | D:5      | Reached skill level 5 in Spellcasting
  6140 | D:5      | Reached skill level 9 in Ice Magic
  6140 | D:5      | Reached XP level 8. HP: 39/59 MP: 1/15
  6593 | D:5      | Found a white marble altar of Elyvilon.
  6594 | D:5      | Found a glowing silver altar of Zin.
  6596 | D:5      | Found a glowing golden altar of the Shining One.
  6700 | D:5      | Found a shimmering blue altar of Sif Muna.
  6918 | D:5      | Reached skill level 10 in Ice Magic
  7568 | D:6      | Found a staircase to the Ecumenical Temple.
  7634 | Temple   | Entered the Ecumenical Temple
  7965 | D:6      | Reached skill level 1 in Summonings
  7975 | D:6      | Reached skill level 11 in Ice Magic
  8412 | D:6      | Reached XP level 9. HP: 66/67 MP: 15/18
  8640 | D:5      | Became a worshipper of Sif Muna the Loreminder
  8690 | D:7      | Noticed Prince Ribbit
  8706 | D:7      | Killed Prince Ribbit
  8706 | D:7      | Reached skill level 1 in Maces & Flails
  8823 | D:7      | Found an opulent altar of Gozag.
  9006 | D:7      | Found a radiant altar of Vehumet.
  9014 | D:7      | Fell from the grace of Sif Muna
  9014 | D:7      | Became a worshipper of Vehumet
  9098 | D:7      | Reached skill level 2 in Maces & Flails
  9165 | D:7      | Found a runed translucent gate.
  9165 | D:7      | Found a runed translucent gate.
  9168 | D:7      | Found a runed translucent gate.
  9204 | D:7      | Noticed melvinkitnick's ghost (amateur TeAE)
  9453 | D:8      | Found a blossoming altar of Fedhas.
  9464 | D:8      | Noticed Maggie
  9478 | D:8      | Killed Maggie
  9478 | D:8      | Reached skill level 2 in Fighting
  9478 | D:8      | Reached skill level 12 in Ice Magic
  9968 | D:8      | Reached * piety under Vehumet
  9968 | D:8      | Offered knowledge of Shock by Vehumet.
 10697 | D:9      | Noticed a troll
 10707 | D:9      | Killed a troll
 10828 | D:9      | Killed an unseen horror
 10828 | D:9      | Reached skill level 13 in Ice Magic
 10828 | D:9      | Reached XP level 10. HP: 16/73 MP: 21/21
 11623 | D:9      | Noticed a salamander
 11633 | D:9      | Killed a salamander
 11744 | D:9      | Found a staircase to the Orcish Mines.
 11752 | D:9      | Found a roughly hewn altar of Beogh.
 11951 | D:10     | Entered Level 10 of the Dungeon
 11963 | D:10     | Reached skill level 5 in Maces & Flails
 12646 | D:10     | Reached ** piety under Vehumet
 12648 | D:10     | Offered knowledge of Searing Ray by Vehumet.
 12804 | D:10     | Noticed a five-headed hydra
 12834 | D:10     | Killed a five-headed hydra
 12834 | D:10     | Reached skill level 14 in Ice Magic
 13119 | D:10     | Was forgiven by Sif Muna
 13475 | D:10     | Found Nuatarer's Antique Weapon Boutique.
 13776 | D:10     | Bought a sapphire quarterstaff for 270 gold pieces
 13776 | D:10     | Identified the +2 quarterstaff "Mozelumirid" {freeze, rN++
                  | Int+6 Dex-5} (You bought it in a shop on level 10 of the
                  | Dungeon)
 13979 | Orc:1    | Entered Level 1 of the Orcish Mines
 13979 | Orc:1    | Noticed Erica
 13979 | Orc:1    | Noticed an orc knight
 14088 | D:11     | Reached XP level 11. HP: 76/79 MP: 23/23
 14619 | D:11     | Offered knowledge of Mephitic Cloud by Vehumet.
 14619 | D:11     | Reached skill level 15 in Ice Magic
 14624 | D:11     | Learned a level 3 spell: Mephitic Cloud
 15255 | D:11     | Learned a level 4 spell: Hailstorm
 15617 | D:11     | Reached *** piety under Vehumet
 15941 | D:11     | Found a burning altar of Makhleb.
 15941 | D:11     | Noticed a balrug
 15970 | D:11     | Found a staircase to the Lair.
 16031 | Lair:1   | Entered Level 1 of the Lair of Beasts
 16191 | Lair:1   | Noticed a five-headed hydra
 16202 | Lair:1   | Killed a five-headed hydra
 17222 | Lair:2   | Slain by a cane toad

Illustrated notes

Levels and vault maps discovered:
D:1:      lemuel_arrival_cross, layout_basic
D:2:      layout_basic, lemuel_doored_altar, nicolae_ashenzari_panopticon,
          first_ration, minmay_misc_feat_tiny
D:3:      layout_loops_corners, riverfiend_overflow_shadow_ancestor,
          overflow_temple_1_default, gup_sewer_entry_pipe,
          chequers_ecumenical_altar_grove, uniq_terence, uniq_robin,
          uniq_crazy_yiuf_cottage
D:4:      minmay_razor_zed, layout_rooms, nicolae_ru_sacrificial_ziggurat
D:5:      layout_loops_ring, good_gods_temple_1, overflow_temple_1_default,
          ebering_ghost_inner_flame
D:6:      layout_cave_pools, minmay_temple_entry_gardened_gates,
          lightli_ossuary_entry_decrepit_ruins
D:7:      layout_cave_pools, lemuel_coloured_pillars_altar, kennysheep_mini,
          gammafunk_ghost_icy, uniq_prince_ribbit1
D:8:      layout_rooms, fedhas_altar_3, serial_curves, eino_curves_04,
          eino_curves_03, hangedman_little_slice_of_home, uniq_maggie
D:9:      layout_irregular_city, minmay_orc_entry_temple_small,
          serial_column_ruins, column_ruins_hut, column_ruins_circle_small,
          column_ruins_corridor_dead_end, column_ruins_columns_dead_end,
          column_ruins_open_medium, column_ruins_grid_3,
          column_ruins_columns_corner, column_ruins_open_tiny,
          column_ruins_columns_straight
D:10:     layout_irregular_city, serial_shops, shop
D:11:     layout_rooms, david_lair_shrubbed, makhleb_altar_promises_db
Temple:   compressed_dpeg_triangle_lava_temple
Lair:1:   layout_regular_city, hibernation_bobbens
Lair:2:   mu_elephants_graveyard, layout_concentric_octagons, minivault_27,
          infiniplex_staircase_pool
Orc:1:    layout_caves, uniq_erica, uniq_harold

Skill      XL: |  1  2  3  4  5  6  7  8  9 10 11 |
---------------+----------------------------------+-----
Ice Magic      | 5 6 8 9 11 13 14 15 | 15.7
Spellcasting   | 3 4 5 6 7 8 9 |  9.3
Short Blades   | 1 2 |  2.3
Fighting       | 1 2 |  2.1
Summonings     | 1 |  1.8
Maces & Flails | 4 6 7 |  7.5
Slings         | |  0.7
Dodging        | |  1.7
Stealth        | |  1.7
Unarmed Combat | |  0.1
Charms         | |  0.4

Action                   |  1- 3 |  4- 6 |  7- 9 | 10-12 || total
-------------------------+-------+-------+-------+-------++-------
Melee: Unarmed           |    22 |       |       |       ||    22
       Tailslap          |     3 |     8 |    24 |    24 ||    59
       Mace              |     3 |       |    17 |       ||    20
       Dagger            |     2 |   108 |    71 |       ||   181
       Flail             |       |       |    77 |    81 ||   158
       Quarterstaff      |       |       |       |   120 ||   120
 Fire: Hunting sling     |       |       |     1 |       ||     1
 Cast: Freeze            |    29 |     2 |       |     2 ||    33
       Frozen Ramparts   |    10 |    45 |    55 |    48 ||   158
       Summon Ice Beast  |       |       |    14 |    37 ||    51
       Ozocubu's Armour  |       |       |     3 |     1 ||     4
       Hailstorm         |       |       |       |     2 ||     2
Evoke: Lightning rod     |       |       |     5 |     2 ||     7
       Wand              |       |       |       |     1 ||     1
  Use: Scroll            |     4 |     4 |     8 |     4 ||    20
       Potion            |       |       |     2 |       ||     2
 Stab: Sleeping          |     1 |     3 |     1 |     1 ||     6
       Distracted        |       |       |       |     3 ||     3
  Eat: Ration            |     1 |     3 |     5 |     6 ||    15
Armor: Skin              |    18 |    37 |    68 |    69 ||   192
Dodge: Dodged            |    30 |    67 |   107 |   127 ||   331

Table legend:
 A = Non-vault XP
 B = Vault XP
 C = Vault XP percentage of total XP
 D = Non-vault monster count
 E = Vault monster count
 F = Vault count percentage of total count
                 A         B        C        D         E       F
            +---------+---------+-------+---------+---------+-------
      Total |   15623 |    2619 |  14.4 |     219 |     102 |  31.8
            +---------+---------+-------+---------+---------+-------
        D:1 |      54 |       0 |   0.0 |      22 |       0 |   0.0
        D:2 |     100 |       0 |   0.0 |      27 |       0 |   0.0
        D:3 |      11 |     123 |  91.8 |       7 |      18 |  72.0
        D:4 |     154 |     253 |  62.2 |       8 |      11 |  57.9
        D:5 |     374 |     542 |  59.2 |      18 |       2 |  10.0
        D:6 |     950 |       0 |   0.0 |      18 |       0 |   0.0
        D:7 |     342 |     286 |  45.5 |      11 |       1 |   8.3
        D:8 |    1000 |     578 |  36.6 |      20 |       9 |  31.0
        D:9 |    1803 |     234 |  11.5 |      11 |       9 |  45.0
       D:10 |    3638 |       0 |   0.0 |      30 |       0 |   0.0
       D:11 |    4525 |     361 |   7.4 |      35 |       1 |   2.8
     Lair:1 |    2519 |       0 |   0.0 |      11 |       0 |   0.0
     Lair:2 |     153 |       0 |   0.0 |       1 |       0 |   0.0
      Sewer |       0 |     242 | 100.0 |       0 |      51 | 100.0
            +---------+---------+-------+---------+---------+-------
